 Dungeon Crawl Stone Soup version 0.29.1-12-g30fa7ad0bf (webtiles) character file.

Game seed: 3945182068005288407

62 xian the Trooper (level 3, -2/29 HPs)
             Began as a Vampire Abyssal Knight on Dec 22, 2022.
             Was a Believer of Lugonu.
             Slain by Pargi (7 damage)
             ... on level 3 of the Dungeon.
             The game lasted 00:04:19 (2134 turns).

xian the Trooper (Vampire Abyssal Knight)           Turns: 2134, Time: 00:04:20

Health: -2/29      AC:  8    Str: 14    XL:     3   Next: 85%
Magic:  4/4        EV:  6    Int: 12    God:    Lugonu [**....]
Gold:   163        SH:  0    Dex: 14    Spells: 2/2 levels left

rFire   . . .      SeeInvis +   m - +1 war axe (flame)
rCold   . . .      Faith    .   (no shield)
rNeg    . . .      Spirit   .   t - +0 chain mail
rPois   .          Reflect  .   (no helmet)
rElec   .          Harm     .   (no cloak)
rCorr   .          Rampage  .   (no gloves)
Will    .....                   (no boots)
Stlth   ..........              (no amulet)
HPRegen 0.29/turn               (no ring)
MPRegen 0.09/turn               (no ring)

@: healing quickly
A: alive, fangs 3, see invisible, vampiric 2
a: Exsanguinate, Renounce Religion, Depart the Abyss, Bend Space


You were on level 3 of the Dungeon.
You worshipped Lugonu.
Lugonu was pleased with you.
You visited 1 branch of the dungeon, and saw 3 of its levels.
You visited the Abyss 1 time.

You collected 163 gold pieces.

Inventory:

Hand Weapons
 a - a +1 short sword
 m - a +1 war axe of flaming (weapon)
Missiles
 j - 30 stones (quivered)
Armour
 b - a +0 leather armour
 t - a +0 chain mail (worn)
Wands
 o - a wand of iceblast (7)
Scrolls
 f - 2 scrolls of poison {unknown}
 h - a scroll of teleportation {unknown}
 k - 4 scrolls of identify {unknown}
 l - a scroll of immolation {unknown}
 n - a scroll of brand weapon {unknown}
 p - 2 scrolls of magic mapping {unknown}
 s - a scroll of enchant weapon {unknown}
Potions
 c - a potion of attraction {unknown}
 d - 4 potions of curing {unknown}
 e - a potion of heal wounds {unknown}
 g - a potion of mutation {unknown}
 q - 2 potions of lignification {unknown}
 r - a potion of magic {unknown}


   Skills:
 + Level 3.5 Fighting
 + Level 2.6 Short Blades
 + Level 0.1 Axes
 + Level 1.1 Armour
 + Level 2.6 Dodging
 * Level 2.1 Invocations


You had 2 spell levels left.
You didn't know any spells.
Your spell library contained the following spells:

 Spells                   Type           Power      Damage    Failure   Level
 Foxfire                  Conj/Fire      0%         2x1d4     100%        1
 Static Discharge         Conj/Air       0%         3-3/arc   100%        2
 Conjure Flame            Conj/Fire      0%         6-21      100%        3
 Inner Flame              Hex/Fire       0%         N/A       100%        3
 Flame Wave               Conj/Fire      0%         2d4       100%        4
 Lightning Bolt           Conj/Air       0%         1d11      100%        5
 Maxwell's Capacitive Co  Air            0%         ∞         100%        8


Dungeon Overview and Level Annotations

Branches:
Dungeon (3/15)

Altars:
Nemelex Xobeh

Annotations:
D:3 Pargi


Innate Abilities, Weirdness & Mutations

Your natural rate of healing is accelerated.
You have razor-sharp teeth.
You have supernaturally acute eyesight. (SInv)
You are afflicted with vampirism and can become a bat while bloodless.


Message History

You closely miss Pargi. Pargi bites you but does no damage. Pargi claws you. x2
You hit Pargi. You burn Pargi.
Pargi is lightly wounded.
Pargi bites you but does no damage. Pargi claws you but does no damage. x2
Pargi bites you. Pargi completely misses you. Pargi barely misses you.
You throw a poisoned dart. The poisoned dart barely misses Pargi.
Pargi bites you but does no damage. Pargi claws you but does no damage. x2
You miss Pargi. You bite Pargi.
Pargi is moderately wounded.
Pargi bites you but does no damage. Pargi claws you.
Pargi claws you but does no damage.
You barely miss Pargi.
Pargi is lightly wounded.
Pargi bites you but does no damage. Pargi claws you but does no damage.
Pargi closely misses you. Pargi bites you but does no damage.
Pargi claws you but does no damage. x2
You closely miss Pargi.
Pargi is lightly wounded.
Pargi bites you. Pargi claws you but does no damage. x2
You hit Pargi. You burn Pargi.
Pargi is lightly wounded.
Pargi bites you. Pargi claws you but does no damage. Pargi claws you.
Pargi bites you.
* * * LOW HITPOINT WARNING * * *
Pargi claws you but does no damage. x2
You slash Pargi! You burn Pargi.
Pargi is heavily wounded.
Pargi bites you but does no damage. Pargi claws you but does no damage. x2
You barely miss Pargi.
Pargi is heavily wounded.
Pargi bites you.
* * * LOW HITPOINT WARNING * * *
Pargi claws you but does no damage. Pargi barely misses you. Pargi bites you.
* * * LOW HITPOINT WARNING * * *
Pargi claws you but does no damage. x2
Unknown command.
Okay, then.
Pargi bites you but does no damage. Pargi claws you but does no damage. x2
Pargi attacks as you move away! Pargi bites you!
You die...

.........#
##...###...##########
#........# #.........#
#........# #.........#
#...####.# #.........#
'...# #.# ###.####### #.).#
#.# #.###### ##..## #.#
#.#...^# #...# #.# #.#....#
#.#.###.# #@#....#
#.#.....# #.T..(.+
##.####..# ###........~
......#..#### #.~~......
.......#....### #.........
..............# ≈≈≈~~~.~~~
..............# ≈≈≈≈~~.~~~~
..............####...~..~.~
...............# ......~.~~


You could see Pargi.

Vanquished Creatures
  An adder (D:2)
  A worm (D:2)
  5 orcs (D:3)
  6 endoplasms
  A giant cockroach (D:1)
  A goblin (D:1)
  6 hobgoblins
  3 quokkas
  5 ball pythons
  3 bats
  5 kobolds
  2 rats (D:1)
39 creatures vanquished.

Notes
Turn   | Place    | Note
-------+----------+-------------------------------------------
     0 | Abyss:1  | xian the Vampire Abyssal Knight began the quest for the
                  | Orb.
     0 | Abyss:1  | Reached XP level 1. HP: 17/17 MP: 2/2
     2 | Abyss:1  | Found a corrupted altar of Lugonu.
    49 | Abyss:1  | Noticed a starcursed mass
    50 | D:1      | Escaped the Abyss
    92 | D:1      | Reached ** piety under Lugonu
   249 | D:1      | Reached skill level 3 in Fighting
   258 | D:1      | Reached XP level 2. HP: 20/24 MP: 3/3
   328 | D:1      | You fall into a shaft and drop 1 floor!
   600 | D:2      | HP: 1/24 [frozen (2)]
   752 | D:2      | Gained mutation: You are afflicted with vampirism and can
                  | become a bat while bloodless. [Vampire growth]
   752 | D:2      | Reached XP level 3. HP: 19/29 MP: 4/4
  1510 | D:2      | Found a faded altar of an unknown god.
  1752 | D:3      | Reached skill level 1 in Armour
  1993 | D:3      | Found a sparkling altar of Nemelex Xobeh.
  2114 | D:3      | Noticed Pargi
  2134 | D:3      | Slain by Pargi

Illustrated notes

Levels and vault maps discovered:
D:1:      wander_arrival_desolate, layout_rooms
D:2:      layout_loops_corners, hellmonk_ecumenical_altar_leap_of_faith
D:3:      layout_basic, nemelex_dance_club_becter,
          chequers_serial_rivers_small_3, uniq_pargi

Skill      XL: |  1  2  3 |
---------------+----------+-----
Fighting       | 3 |  3.5
Invocations    | 2 |  2.1
Armour         | 1 |  1.1
Short Blades   | |  2.6
Axes           | |  0.1
Dodging        | |  2.6

Action                   || total
-------------------------++-------
Melee: Short sword       ||    73
       Bite              ||     5
       War axe           ||    65
Throw: Dart              ||     5
       Stone             ||     3
Invok: Depart the Abyss  ||     1
Armor: Leather armour    ||    49
       Chain mail        ||    41
Dodge: Dodged            ||    91
